Map: 16-Bit LE

Players

HeroMarine - Winner!

  • Race: Terran Terran
  • Spawn Location: 1:00

HellraiseR

  • Race: Protoss Protoss
  • Spawn Location: 7:00

Event: WCS Valencia 2018

VOD

Have the link to the VOD?

Description

Time

  • Played on: July 12, 2018, 10:07 a.m.
  • Length: 11:35

All games in this series

Show
View Real Time Build Order
Export as new Build Order

HeroMarine Terran - Winner!

Build Orders: Liberator Opening, Reaper Expand, MMM Bio 

Get SALT Encoding   

  12  0:00  SCV  
  13  0:12  SCV  
  14  0:18  Supply Depot  
  14  0:25  SCV  
  15  0:39  SCV  
  15  0:42  Barracks  
  16  0:45  Refinery  
  16  0:52  SCV  
  17  1:04  SCV  
  18  1:16  SCV  
  19  1:29  Reaper, Orbital Command  
  20  1:47  Command Center  
  20  1:54  SCV  
  20  1:55  Supply Depot  
  20  2:01  Marine  
  22  2:06  SCV  
  23  2:11  Factory  
  23  2:16  Refinery  
  23  2:19  SCV  
  23  2:22  Barracks Reactor  
  24  2:31  SCV  
  25  2:43  SCV  
  26  2:55  SCV  
  26  2:56  Starport  
  27  3:05  Orbital Command  
  27  3:07  SCV  
  27  3:08  Hellion x2  
  32  3:15  Liberator  
  32  3:20  SCV  
  32  3:22  Barracks Tech Lab  
  32  3:30  SCV  
  32  3:32  SCV  
  37  3:37  Supply Depot  
  37  3:42  SCV  
  37  3:44  SCV  
  37  3:46  Marine x2, Siege Tank  
  44  3:53  Supply Depot  
  44  3:54  SCV  
  45  3:56  SCV  
  46  4:04  Marine x2  
  46  4:06  SCV  
  46  4:08  SCV  
  50  4:14  Command Center  
  50  4:18  SCV  
  50  4:20  SCV  
  50  4:22  Marine x2  
  54  4:24  Raven  
  54  4:30  SCV  
  57  4:32  SCV  
  57  4:33  Supply Depot  
  57  4:36  Barracks  
  58  4:42  Marine x2  
  58  4:43  Factory Tech Lab  
  60  4:46  SCV x2  
  60  4:47  Barracks  
  60  4:55  Refinery x2  
  60  4:58  SCV x2  
  60  4:59  Engineering Bay  
  62  5:03  Marine  
  62  5:04  Marine  
  64  5:10  SCV x2  
  66  5:22  SCV x2, Starport Reactor  
  66  5:23  Factory Reactor  
  68  5:34  Stimpack, SCV x2, Marauder  
  72  5:37  Terran Infantry Weapons Level 1  
  72  5:38  Marine  
  72  5:39  Marine, Barracks  
  72  5:40  Barracks  
  74  5:43  Missile Turret x2  
  74  5:45  Orbital Command  
  74  5:46  SCV x2  
  74  5:47  Combat Shields  
  76  5:50  Marauder  
  76  5:56  Marauder  
  80  5:58  SCV  
  80  5:59  SCV  
  80  6:02  Medivac  
  84  6:06  Supply Depot  
  84  6:09  Supply Depot  
  84  6:11  SCV  
  85  6:14  SCV x2, Medivac  
  85  6:16  Marauder  
  85  6:17  Marauder  
  93  6:27  Barracks Tech Lab  
  93  6:28  Barracks Tech Lab, SCV x3  
  93  6:32  Medivac, Refinery  
  98  6:34  Refinery  
  98  6:39  Marauder  
  100  6:40  SCV x3  
  100  6:41  Marauder  
  100  6:43  Medivac  
  107  6:50  Supply Depot  
  107  6:52  SCV x2  
  107  6:53  Concussive Shells  
  109  6:57  SCV  
  109  7:00  Marauder  
  109  7:05  Supply Depot x2  
  109  7:12  Supply Depot, Marine x2, Marauder x2  
  117  7:18  Supply Depot  
  117  7:19  Marauder  
  117  7:22  Liberator x2  
  121  7:23  Factory Reactor  
  121  7:25  Starport, Marauder  
  121  7:29  Supply Depot  
  123  7:31  Terran Infantry Armor Level 1, Marine x2  
  123  7:34  Marauder  
  123  7:36  Marauder  
  129  7:40  Marauder  
  133  7:46  Marauder  
  135  7:54  Liberator  
  135  7:55  Marauder  
  135  7:58  Marauder  
  139  8:01  Marauder  
  139  8:02  Liberator  
  139  8:05  Liberator x2  
  141  8:07  Marauder  
  146  8:16  Marauder  
  146  8:18  Marine x2  
  146  8:19  Marauder  
  151  8:23  Marauder  
  161  8:29  Marauder  
  163  8:37  Liberator  
  163  8:38  Marauder  
  163  8:39  Command Center  
  165  8:44  Supply Depot x2  
  165  8:45  Marauder x2  
  165  8:48  Liberator  
  169  8:50  Marauder  
  172  8:58  Barracks x2  
  172  8:59  Armory, Barracks  
  172  9:05  Marauder  
  172  9:06  Marauder  
  179  9:12  Supply Depot  
  179  9:13  Supply Depot  
  179  9:14  Marine x2, Marauder x2  
  179  9:15  Engineering Bay  
  185  9:25  Liberator x2  
  185  9:29  Marauder x2  
  189  9:36  Marauder  
  189  9:37  Marine x2, Marauder  
  172  9:42  Liberator  
  154  9:49  Marine  
  154  9:50  Marauder  
  139  9:54  Marine  
  139  9:56  Barracks Reactor  
  139  9:58  Barracks Tech Lab, Barracks Reactor, Marauder x2  
  141  10:00  Marine  
  141  10:04  Liberator  
  142  10:08  Marauder  
  142  10:11  Marauder  
  142  10:12  Marine  
  147  10:17  Marine  
  147  10:19  Marauder x2  
  152  10:22  Marine  
  152  10:25  SCV  
  152  10:26  SCV x2  
  159  10:29  Marauder  
  159  10:32  Liberator  
  159  10:33  Planetary Fortress  
  161  10:37  Marauder x2  
  161  10:38  SCV x3, Marine x2  
  161  10:41  Marine x2  
  175  10:54  Marine x2, Marauder x2  
  175  10:55  Marine x2  
  175  10:56  Marine  
  178  11:00  Marauder  
  178  11:03  Marine  
  174  11:05  Marauder  
  160  11:13  Marauder  
  160  11:15  Marine x2  
  164  11:23  SCV x3  
Show
View Real Time Build Order
Export as new Build Order

HellraiseR Protoss 

Build Orders: 1 Gate Expand, Double Forge, Colossus Rush 

Get SALT Encoding   

  12  0:00  Probe  
  13  0:12  Probe  
  14  0:18  Pylon  
  14  0:22  Probe  
  15  0:32  Probe  
  15  0:37  Gateway  
  15  0:42  Probe  
  16  0:46  Assimilator  
  17  0:54  Probe  
  18  1:06  Probe  
  19  1:20  Nexus  
  19  1:23  Probe  
  20  1:33  Cybernetics Core  
  20  1:36  Probe  
  21  1:41  Assimilator  
  21  1:48  Probe  
  21  1:52  Pylon  
  22  2:00  Probe  
  22  2:01  Adept  
  23  2:10  Warp Gate  
  23  2:12  Probe  
  26  2:22  Robotics Facility  
  26  2:24  Probe  
  26  2:28  Probe  
  27  2:36  Probe  
  27  2:37  Probe  
  29  2:43  Stalker  
  32  2:48  Probe  
  32  2:49  Probe  
  34  3:00  Probe  
  34  3:01  Probe  
  36  3:09  Observer  
  36  3:12  Gateway  
  37  3:13  Probe x2  
  39  3:21  Gateway  
  39  3:24  Probe  
  39  3:25  Probe  
  41  3:28  Pylon  
  41  3:31  Observer  
  41  3:32  Probe  
  42  3:37  Probe  
  42  3:38  Assimilator  
  42  3:39  Assimilator  
  42  3:40  Probe  
  44  3:47  Robotics Bay  
  45  3:49  Probe  
  45  3:51  Probe  
  45  3:53  Observer  
  48  4:01  Probe  
  49  4:03  Probe  
  49  4:04  Pylon  
  50  4:13  Probe  
  50  4:14  Observer, Stalker  
  54  4:18  Pylon  
  54  4:20  Colossus  
  54  4:22  Stalker, Probe  
  54  4:23  Stalker  
  59  4:27  Probe  
  66  4:38  Pylon  
  66  4:46  Extended Thermal Lance  
  66  4:57  Forge x2  
  66  5:07  Sentry, Pylon  
  66  5:09  Zealot x2  
  66  5:10  Colossus  
  66  5:11  Pylon  
  77  5:21  Protoss Ground Armor Level 1  
  77  5:24  Protoss Ground Weapons Level 1  
  77  5:28  Gateway  
  77  5:41  Gateway  
  77  5:44  Probe  
  77  5:45  Gateway  
  78  5:53  Sentry, Zealot x2  
  78  5:56  Twilight Council  
  84  5:58  Warp Prism  
  86  6:15  Nexus  
  86  6:19  Pylon  
  86  6:27  Charge  
  86  6:28  Warp Prism  
  86  6:31  Stalker x3  
  94  6:44  Probe  
  94  6:48  Probe  
  94  6:53  Pylon  
  95  6:55  Protoss Ground Armor Level 2  
  95  6:57  Protoss Ground Weapons Level 2, Probe  
  95  7:00  Probe  
  97  7:02  Pylon  
  97  7:09  Probe  
  97  7:12  Probe  
  99  7:21  Probe  
  100  7:24  Probe  
  100  7:28  Zealot  
  100  7:29  Sentry, Zealot x3  
  111  7:32  Colossus  
  111  7:33  Stalker  
  119  7:47  Probe  
  119  7:48  Pylon  
  120  8:00  Zealot x3  
  120  8:01  Zealot  
  120  8:04  Pylon  
  128  8:05  Probe  
  128  8:07  Pylon  
  129  8:14  Blink  
  129  8:25  Zealot x6  
  141  8:29  Gateway  
  141  8:32  Gateway  
  141  8:36  Immortal, Protoss Ground Armor Level 3  
  145  8:54  Protoss Ground Weapons Level 3  
  145  8:59  Zealot x6  
  157  9:03  Pylon  
  157  9:05  Pylon  
  157  9:09  Pylon  
  157  9:22  Stalker x4  
  165  9:25  Stalker  
  165  9:29  Stalker  
  93  9:49  Stalker x7  
  81  10:12  Zealot x2  
  81  10:13  Zealot x6  
  96  10:27  Nexus  
  96  10:35  Zealot x8  
  112  10:56  Sentry x3  
  118  10:57  Stalker x5  
  100  11:22  Zealot x8  
Tags
 
Add a new tag
Caveats
  • Supply blocks, unpowered buildings, or Contaminate may cause inaccurate times.
  • Supply counts are checked every 10 seconds.